 Dungeon Crawl Stone Soup version 0.27-a0-883-g39567a0c06 (webtiles) character file.

Game seed: 7469649768622772477

79 EnegeticOcto the Magician (level 4, -1/34 HPs)
             Began as a Djinni Conjurer on Apr 3, 2021.
             Slain by an adder (5 damage)
             ... on level 4 of the Dungeon.
             The game lasted 00:02:07 (454 turns).

EnegeticOcto the Magician (Djinni Conjurer)          Turns: 454, Time: 00:02:07

Health: -1/34      AC:  2    Str:  6    XL:     4   Next: 38%
Gold:   5          EV: 12    Int: 21    God:
                   SH:  0    Dex: 11

rFire    + + .     SeeInvis .   c - scroll of amnesia {unknown}
rCold    x . .     Faith    .   (no shield)
rNeg     . . .     Spirit   .   a - +0 robe
rPois    ∞         Reflect  .   (no helmet)
rElec    .         Harm     .   (no cloak)
rCorr    .         Rampage  .   (no gloves)
Will     .....                  (boots unavailable)
Stlth    ++........             (no amulet)
HPRegen  0.11/turn              (no ring)
MPRegen  0.00/turn              (no ring)

@: flying
A: fire resistance 2, cold vulnerability 1, float, innate caster, hp casting,
extra vitality 1
a: no special abilities


You were on level 4 of the Dungeon.
You visited 1 branch of the dungeon, and saw 4 of its levels.

You collected 5 gold pieces.

Inventory:

Hand Weapons
 b - a +0 mace of holy wrath
   (You found it on level 1 of the Dungeon)
Armour
 a - a +0 robe (worn)
Scrolls
 c - a scroll of amnesia (in hand) {unknown}
 d - a scroll of noise {unknown}


   Skills:
 + Level 2.5 Fighting
 - Level 2.1 Dodging
 - Level 1.5 Stealth
 + Level 4.3 Spellcasting


You couldn't memorise any spells.
You knew the following spells:

 Your Spells              Type           Power      Damage    Failure   Level
a - Magic Dart            Conj           88%        1d7       1%          1
b - Searing Ray           Conj           44%        3d4       3%          2
c - Dazzling Flash        Conj/Hex       44%        N/A       6%          3
d - Fulminant Prism       Conj/Hex       11%        3d9       19%         4
e - Iskenderun's Mystic   Conj/Tloc      22%        2d6       19%         4
f - Shock                 Conj/Air       88%        1d8       1%          1
Your spell library was empty.

Dungeon Overview and Level Annotations

Branches:
Dungeon (4/15)
 Temple: D:4-7

Altars:

Annotations:
D:3 Grinder, Ijyb
D:4 Sigmund


Innate Abilities, Weirdness & Mutations

You are immune to poison.
Your flesh is very heat resistant. (rF++)
You are vulnerable to cold. (rC-)
You float through the air rather than walking.
You learn spells naturally, not from books.
Your magical power is your life essence.
You have superior vitality. (+4 HP)


Message History

The scorpion zombie is lightly damaged. (Press . to maintain the ray.)
The searing ray hits the centaur skeleton!
The centaur skeleton is severely damaged.
The searing ray hits the scorpion zombie.
The scorpion zombie is moderately damaged.
The centaur skeleton hits you but does no damage.
The centaur skeleton closely misses you.
The searing ray hits the centaur skeleton!
You destroy the centaur skeleton!
The searing ray hits the scorpion zombie.
The scorpion zombie is heavily damaged.
* * * LOW HITPOINT WARNING * * *
Your Fighting skill increases to level 2!
The searing ray hits the scorpion zombie!
The scorpion zombie is severely damaged.
* * * LOW HITPOINT WARNING * * *
You finish channeling your searing ray.
The scorpion zombie hits you.
* * * LOW HITPOINT WARNING * * *
Your +0 mace of holy wrath softly glows with a divine radiance!
b - a +0 mace of holy wrath (weapon)
You barely miss the scorpion zombie.
The scorpion zombie is severely damaged.
The scorpion zombie barely misses you. x2
You barely miss the scorpion zombie.
The scorpion zombie is severely damaged.
The scorpion zombie closely misses you.
You hit the scorpion zombie.
The scorpion zombie convulses.
The scorpion zombie is almost destroyed.
The scorpion zombie closely misses you.
You barely miss the scorpion zombie.
The scorpion zombie is almost destroyed.
The scorpion zombie closely misses you. The scorpion zombie hits you.
* * * LOW HITPOINT WARNING * * *
You hit the scorpion zombie but do no damage.
The scorpion zombie is almost destroyed.
The scorpion zombie barely misses you.
You hit the scorpion zombie but do no damage.
The scorpion zombie is almost destroyed.
The scorpion zombie hits you.
* * * LOW HITPOINT WARNING * * *
The scorpion zombie closely misses you.
You hit the scorpion zombie.
The scorpion zombie convulses.
You destroy the scorpion zombie!
You have reached level 4!
You feel clever.
Your +0 mace of holy wrath stops glowing.
c - a scroll labelled ZEMAOPAXTUO (in hand)
You swing at nothing.
You swing at nothing.
You swing at nothing.
You swing at nothing.
You swing at nothing.
You hear the slow hiss of a distant avalanche of sand.
You swing at nothing.
You swing at nothing.
You swing at nothing.
You swing at nothing.
You swing at nothing.
You swing at nothing.
You swing at nothing.
You swing at nothing.
You swing at nothing.
You swing at nothing.
You swing at nothing.
You swing at nothing.
You swing at nothing.
You swing at nothing.
You swing at nothing.
You swing at nothing.
You swing at nothing.
You swing at nothing.
You swing at nothing.
You swing at nothing.
You swing at nothing.
You swing at nothing.
You swing at nothing.
You swing at nothing.
You swing at nothing.
An adder comes into view.
You swing at nothing.
You swing at nothing.
The adder hisses angrily.
You swing at nothing.
You swing at nothing.
A bullfrog skeleton comes into view.
You swing at nothing.
The adder bites you.
* * * LOW HITPOINT WARNING * * *
The adder bites you.
* * * LOW HITPOINT WARNING * * *
You swing at nothing.
The adder bites you.
* * * LOW HITPOINT WARNING * * *
The adder barely misses you.
You swing at nothing.
The adder misses you. The adder closely misses you.
You swing at nothing.
The adder closely misses you. x2
You swing at nothing.
You hear the hiss of a distant avalanche of sand.
The adder barely misses you. The adder closely misses you.
You swing at nothing.
The adder bites you.
You die...

##..#....................# .
...<.....................# Z.
#.......#................###.##
.##...........................#
..............................#
..#...........#######..........
..#...........'.....+..........
..#...........#######..........
..#............S@.†...####.....
............Z<.######## .h...
........#....#.# ....
...##.#.#.##.#.# ...
..<...#.#....#.# ... .######.#
# #. .# .. .# ## .#


You could see an adder and a bullfrog skeleton (wandering).

Vanquished Creatures
  A centaur skeleton (D:4)
  A scorpion zombie (D:4)
  An adder zombie (D:4)
  A worm (D:3)
  A dart slug (D:2)
  3 orcs (D:4)
  A goblin (D:3)
  A hobgoblin (D:1)
  4 jackals (D:4)
  A kobold (D:2)
  A quokka (D:1)
  A frilled lizard (D:3)
17 creatures vanquished.

Notes
Turn   | Place    | Note
-------+----------+-------------------------------------------
     0 | D:1      | EnegeticOcto the Djinni Conjurer began the quest for the
                  | Orb.
     0 | D:1      | Reached XP level 1. HP: 15/15 MP: 0/0
    49 | D:2      | Reached skill level 1 in Fighting
    49 | D:2      | Reached XP level 2. HP: 7/22 MP: 0/0
   135 | D:3      | Noticed Ijyb
   142 | D:3      | HP: 1/22 [Ijyb/+0 club (6)]
   362 | D:3      | Noticed Grinder
   366 | D:4      | Noticed Sigmund
   398 | D:4      | Reached skill level 4 in Spellcasting
   399 | D:4      | Reached XP level 3. HP: 12/27 MP: 0/0
   399 | D:4      | Learned a level 1 spell: Shock
   403 | D:4      | Reached skill level 2 in Fighting
   413 | D:4      | Reached XP level 4. HP: 3/34 MP: 0/0
   454 | D:4      | Slain by an adder

Illustrated notes

Levels and vault maps discovered:
D:1:      dpeg_arrival_central, layout_basic
D:2:      layout_basic, ebering_ecumenical_altar_rust, grunt_ministairs_10
D:3:      layout_loops_cross, portal_sewer_entry_b, uniq_grinder, uniq_ijyb
D:4:      layout_basic, lemuel_tele_altar, yredelemnul_altar_generic,
          nicolae_ossuary_entry_plus, serial_undead, serial_undead_b,
          serial_undead_a, serial_undead_d, serial_undead_b, serial_undead_d,
          serial_undead_c, hangedman_decor_peaks_small, uniq_sigmund,
          uniq_edmund

Skill      XL: |  1  2  3 |
---------------+----------+-----
Fighting       | 1 2 |  2.5
Spellcasting   | 4 |  4.3
Dodging        | |  2.1
Stealth        | |  1.5

Action                   |  1- 3 |  4- 6 || total
-------------------------+-------+-------++-------
Melee: Mace              |     7 |       ||     7
 Cast: Magic Dart        |    16 |       ||    16
       Searing Ray       |     5 |       ||     5
Armor: Robe              |     1 |       ||     1
Dodge: Dodged            |    14 |     7 ||    21

Table legend: (Time is in decaauts)
 A = Elapsed time spent in this place.
 B = Non-inter-level travel time spent in this place.
 C = Inter-level travel time spent in this place.
 D = Time resting spent in this place.
 E = Time spent auto-exploring this place.
 F = Levels seen in this place.
 G = Mean time per level.
                   A        B        C        D        E       F      G
               +--------+--------+--------+--------+--------+-----+--------+
         Total |    570 |    558 |     12 |      0 |      0 |   4 |  142.5 |
       Dungeon |    570 |    558 |     12 |      0 |      0 |   4 |  142.5 |
               +--------+--------+--------+--------+--------+-----+--------+

Top non-repeatable levels by time:
     D:2: 313 daAuts
     D:4: 149 daAuts
     D:3: 71 daAuts
     D:1: 36 daAuts
